 Dungeon Crawl Stone Soup version 0.30-a0-576-g89cddaab80 (webtiles) character file.

Game seed: 599004057268661592

16747 M4edhros the Covert (level 12, -3/74 HPs)
             Began as an Octopode Artificer on Dec 31, 2022.
             Was a High Priest of Cheibriados.
             Slain by a catoblepas (30 damage)
             ... on level 13 of the Dungeon.
             The game lasted 00:31:16 (5279 turns).

M4edhros the Covert (Octopode Artificer)            Turns: 5279, Time: 00:31:17

Health: -3/74      AC:  2    Str: 25    XL:     12   Next: 40%
Magic:  17/27      EV: 21    Int: 27    God:    Cheibriados [*****.]
Gold:   491        SH:  9    Dex: 29    Spells: 1/19 levels left

rFire   + + +      SeeInvis .    u - +4 rapier of Hacking and Slashing {elec, rPois Will+ MP+9}
rCold   . . .      Faith    .    s - +1 buckler
rNeg    + + .      Spirit   .    o - +1 hat of the Cooper {rF+}
rPois   +          Reflect  .    e - amulet of magic regeneration
rElec   .          Harm     .    f - ring of willpower
rCorr   .          Rampage  .    l - ring of positive energy
Will    ++...                    p - ring of protection from fire
Stlth   ++++++                   z - ring of protection from fire
HPRegen 0.32/turn                x - ring of positive energy
MPRegen 0.60/turn                (no ring)
                                 (no ring)
                                 (no ring)

@: mighty, slowed, very slow
A: almost no armour, amphibious, 8 rings, camouflage 1, gelatinous body 1,
(nimble swimmer 1), tentacles
a: Renounce Religion, Bend Time, Temporal Distortion, Slouch, Step From Time


You were on level 13 of the Dungeon.
You worshipped Cheibriados.
Cheibriados was extremely pleased with you.
You visited 1 branch of the dungeon, and saw 13 of its levels.
You also visited: Ossuary.

You collected 617 gold pieces.
You spent 126 gold pieces at shops.

Inventory:

Hand Weapons
 u - the +4 rapier of Hacking and Slashing (weapon) {elec, rPois Will+ MP+9}
   (You found it on level 4 of the Dungeon)

   It occasionally discharges a powerful burst of electricity upon striking a
   foe.
   rPois:     It protects you from poison.
   MP:        It affects your magic capacity (+9).
   Will:      It increases your willpower.
Missiles
 y - 10 poisoned darts
 F - 6 javelins
 G - 3 curare-tipped darts (quivered)
Armour
 i - a +1 hat
 o - the +1 hat of the Cooper (worn) {rF+}
   (You acquired it on level 9 of the Dungeon)

   rF:        It protects you from fire.
 s - a +1 buckler (worn)
Jewellery
 e - an amulet of magic regeneration (around mantle)
 f - a ring of willpower (left tentacle)
 l - a ring of positive energy (right tentacle)
 p - a ring of protection from fire (on tentacle)
 x - a ring of positive energy (on tentacle)
 z - a ring of protection from fire (on tentacle)
 C - a ring of fire
Wands
 b - a wand of roots (5)
 E - a wand of digging (3)
 H - a wand of charming (4)
Scrolls
 d - a scroll of noise {unknown}
 g - 4 scrolls of silence
 h - 5 scrolls of teleportation
 v - a scroll of magic mapping
 D - a scroll of brand weapon
 I - a scroll of enchant weapon
 K - a scroll of vulnerability
 L - a scroll of fear
Potions
 a - a potion of haste
 c - 2 potions of ambrosia
 j - 7 potions of magic
 k - a potion of cancellation {unknown}
 m - 5 potions of curing
 n - a potion of berserk rage {unknown}
 q - a potion of resistance {unknown}
 r - 2 potions of invisibility {unknown}
 t - 4 potions of attraction
 w - 4 potions of brilliance
 A - a potion of mutation {unknown}
 B - a potion of heal wounds {unknown}


   Skills:
 - Level 4.0 Fighting
 - Level 5.2 Short Blades
 + Level 7.9 Dodging
 - Level 10.0 Stealth
 - Level 6.5 Shields
 - Level 5.6 Unarmed Combat
 + Level 4.4 Spellcasting
 * Level 6.7 Conjurations
 * Level 0.4 Transmutations
 * Level 4.8 Ice Magic
 * Level 6.6 Air Magic
 * Level 0.4 Earth Magic
 - Level 5.2 Poison Magic
 - Level 4.7 Evocations


You had one spell level left.
You knew the following spells:

 Your Spells              Type           Power      Damage    Failure   Level
a - Poisonous Vapours     Pois/Air       76%        N/A       1%          2
b - Mephitic Cloud        Conj/Pois/Air  39%        N/A       2%          3
c - Freezing Cloud        Conj/Ice/Air   19%        6-21      22%         5
d - Searing Ray           Conj           84%        2d7       1%          2
e - Statue Form           Tmut/Erth      5%         N/A       100%        6

Your spell library contained the following spells:

 Spells                   Type           Power      Damage    Failure   Level
 Magic Dart               Conj           100%       1d8       1%          1
 Sting                    Tmut/Pois      84%        1d7       3%          1
 Cigotuvi's Dreadful Rot  Necr/Pois/Air  54%        N/A       3%          2
 Stone Arrow              Conj/Erth      50%        3d10      7%          3
 Leda's Liquefaction      Hex/Erth       3%         N/A       65%         4
 Conjure Ball Lightning   Conj/Air       21%        3x3d6     67%         6
 Lee's Rapid Deconstruct  Erth           4%         3d5*      92%         5
 Iron Shot                Conj/Erth      12%        9d3       98%         6
 Simulacrum               Ice/Necr       9%         N/A       99%         6
 Discord                  Hex            2%         N/A       100%        8
 Disjunction              Tloc           2%         N/A       100%        8
 Polar Vortex             Ice            16%        N/A       100%        9


Dungeon Overview and Level Annotations

Branches:
Dungeon (13/15)            Temple (0/1) D:5            Lair (0/5) D:9
    Orc (0/2) D:10        Ossuary (visited)
 Vaults: D:13-14

Altars:
Cheibriados
Elyvilon
Ru
Sif Muna
Vehumet
The Shining One

Shops:
D:5 [

Annotations:
D:4 Dowan, Duvessa
D:9 3 runed translucent doors, bezhaha's ghost, novice DjFE
D:11 1 transporter, bimpf's ghost, journeyman MiBe


Innate Abilities, Weirdness & Mutations

You cannot wear most types of armour.
You are amphibious.
You can wear up to eight rings at the same time.
Your skin changes colour to match your surroundings (Stealth+).
Your rubbery body absorbs attacks. (AC +1, EV +1)
((You are camouflaged when in or above water. (Stealth+)))
You have tentacles for arms and can constrict up to eight enemies at once.


Message History

You kill the purple ugly thing!
Cheibriados thoroughly appreciates the change of pace.
The wraith misses you.
You barely miss the wraith.
The catoblepas seems less confused.
You block the wraith's attack.
Casting: Poisonous Vapours (safe; 1% risk of failure)
Confirm with . or Enter, or press ? or * to list all spells.
Aiming: Mephitic Cloud (mildly dangerous; 2% risk of failure)
Press: ? - help, Shift-Dir - straight line, f/p - catoblepas
Aim: a catoblepas (moderately wounded, extremely poisoned, chance to affect: 34%)
The ball explodes into a vile cloud!
The stinking cloud engulfs the catoblepas but does no damage.
The catoblepas is moderately wounded.
The wraith completely misses you.
The catoblepas is engulfed in noxious fumes.
Casting: Mephitic Cloud (mildly dangerous; 2% risk of failure)
Confirm with . or Enter, or press ? or * to list all spells.
Aiming: Mephitic Cloud (mildly dangerous; 2% risk of failure)
Press: ? - help, Shift-Dir - straight line, f - you, p - catoblepas The ball explodes into a vile cloud!
The stinking cloud engulfs you but does no damage.
The stinking cloud engulfs the catoblepas but does no damage.
The catoblepas is moderately wounded.
The stinking cloud engulfs the wraith but does no damage.
The wraith completely misses you.
The catoblepas is engulfed in noxious fumes.
The catoblepas gores you.
Okay, then.
You feel very mighty all of a sudden. You block the wraith's attack.
The catoblepas is engulfed in noxious fumes.
The catoblepas appears confused.
You catch the helpless catoblepas completely off-guard!
You impale the catoblepas!!
The catoblepas is severely wounded.
The wraith hits you! The wraith drains your vigour!
You feel yourself slow down.
The catoblepas is engulfed in noxious fumes.
The catoblepas gores you!!
You die...

###########
###..(.......
.>.#.#######.#
#..#.#...# #.#
#..#.#.#.###.#
#..#.#.#.....#
#..#.#.#######
.############..#.#.#
(.....○○Y@W....#.#.#
.############.##.#.#
...........#.#
.......†####)#
######..# #.# #..#
#.# #..# #.#
#..####.# #.......#


You could see a catoblepas (confused, very poisoned) and a wraith.

Vanquished Creatures
  Snorg (D:11)
  A hydra (D:13)
  A boulder beetle (D:12)
  4 two-headed ogres
  Pikel (D:4)
  2 ugly things
  3 cyclopes
  A manticore (D:13)
  A gargoyle (D:13)
  3 kobold demonologists
  A troll (D:13)
  Grinder (D:5)
  3 slime creatures (D:12)
  A shadow (D:12)
  A wraith (D:11)
  Eustachio (D:6)
  6 wyverns
  18 yaks
  5 vampire mosquitoes
  A basilisk (D:12)
  A steam dragon (D:9)
  3 water moccasins
  6 orc warriors
  3 centaurs
  2 ogres (D:5)
  A lemure (D:4)
  A kobold brigand (D:8)
  A necrophage (D:4)
  A gnoll sergeant (D:8)
  2 bullfrogs
  A scorpion (D:9)
  5 wights
  3 howler monkeys (D:10)
  4 centaur zombies (Ossuary)
  3 orc priests
  3 hounds
  4 jellies
  2 gnoll boudas (D:8)
  An iguana (D:5)
  5 orc wizards
  5 mummies (Ossuary)
  11 gnolls (D:8)
  4 adders
  A white imp (D:5)
  A worm (D:4)
  A dart slug (D:3)
  21 orcs
  3 endoplasms
  3 giant cockroaches
  3 hobgoblins
  17 kobolds
  3 ball pythons
  4 bats
  3 frilled lizards
  4 goblins
  2 hobgoblin zombies (Ossuary)
  A rat (D:3)
195 creatures vanquished.

Vanquished Creatures (collateral kills)
  A wyvern (D:9)
  A yak (D:9)
  A hound (D:4)
  A centaur zombie (Ossuary)
  An iguana (D:4)
  An adder (D:4)
  2 orcs (D:7)
  A giant cockroach (D:4)
  A goblin (D:4)
  A hobgoblin zombie (Ossuary)
11 creatures vanquished.

Vanquished Creatures (others)
  A water moccasin (D:9)
  A lemure (D:4)
  A wight (D:10)
  A centaur zombie (Ossuary)
  A gnoll (D:4)
  17 plants (D:9)
22 creatures vanquished.

Grand Total: 228 creatures vanquished

Notes
Turn   | Place    | Note
-------+----------+-------------------------------------------
     0 | D:1      | M4edhros the Octopode Artificer began the quest for the
                  | Orb.
     0 | D:1      | Reached XP level 1. HP: 13/13 MP: 1/1
    63 | D:3      | Reached skill level 1 in Unarmed Combat
    63 | D:3      | Reached XP level 2. HP: 6/18 MP: 2/2
   124 | D:3      | Found a glowing golden altar of the Shining One.
   145 | D:3      | Reached skill level 2 in Stealth
   177 | D:3      | Found a shimmering blue altar of Sif Muna.
   198 | D:3      | Found a snail-covered altar of Cheibriados.
   208 | D:3      | Became a worshipper of Cheibriados the Contemplative
   306 | D:2      | Reached XP level 3. HP: 23/23 MP: 3/3
   480 | D:1      | Learned a level 2 spell: Poisonous Vapours
   852 | D:3      | Found a white marble altar of Elyvilon.
   875 | D:3      | Reached XP level 4. HP: 7/28 MP: 4/4
   877 | D:3      | Reached * piety under Cheibriados
  1079 | D:4      | Noticed Duvessa
  1079 | D:4      | Noticed Dowan
  1119 | D:5      | Entered Level 5 of the Dungeon
  1119 | D:5      | Noticed Grinder
  1166 | D:4      | Noticed a lemure
  1166 | D:4      | Noticed a lemure
  1166 | D:4      | Noticed a lemure
  1168 | D:4      | Noticed Pikel
  1168 | D:4      | Noticed a lemure
  1566 | D:5      | Reached skill level 1 in Poison Magic
  1566 | D:5      | Reached XP level 5. HP: 34/34 MP: 5/5
  1591 | D:5      | Found a staircase to the Ecumenical Temple.
  1624 | D:5      | Found Qehidos's Antique Armour Shop.
  1632 | D:5      | Bought a runed hat for 126 gold pieces
  1680 | D:6      | Noticed Eustachio
  1694 | D:6      | Killed Eustachio
  1695 | D:6      | Reached skill level 1 in Shields
  1695 | D:6      | Reached XP level 6. HP: 19/40 MP: 6/6
  1765 | D:5      | Killed Grinder
  1766 | D:5      | Reached XP level 7. HP: 37/45 MP: 7/7
  1825 | D:4      | Identified the +4 rapier of Hacking and Slashing {elec,
                  | rPois Will+ MP+9}
  1872 | D:4      | Found a sacrificial altar of Ru.
  1907 | D:4      | Killed Pikel
  1908 | D:4      | Reached skill level 1 in Short Blades
  1908 | D:4      | Reached skill level 3 in Stealth
  1908 | D:4      | Reached skill level 5 in Unarmed Combat
  1908 | D:4      | Reached XP level 8. HP: 27/52 MP: 8/8
  1996 | D:5      | Reached skill level 4 in Stealth
  2073 | D:5      | Reached ** piety under Cheibriados
  2370 | D:7      | Learned a level 3 spell: Mephitic Cloud
  2415 | D:7      | Reached XP level 9. HP: 58/58 MP: 9/9
  2417 | D:7      | Reached skill level 5 in Stealth
  2449 | D:7      | Reached skill level 1 in Conjurations
  2449 | D:7      | Reached skill level 1 in Air Magic
  2493 | D:8      | Found a sand-covered staircase.
  2495 | D:8      | Reached skill level 5 in Dodging
  2517 | Ossuary  | Entered an ossuary
  2672 | D:8      | Reached *** piety under Cheibriados
  2735 | D:8      | Noticed a kobold demonologist
  2791 | D:8      | Noticed a hellwing
  2791 | D:8      | Killed a kobold demonologist
  2792 | D:8      | Reached skill level 6 in Stealth
  2883 | D:8      | Identified the +6 dagger of Kismet {flame, rF++ Str-2
                  | Int+4}
  3121 | D:9      | Reached XP level 10. HP: 63/63 MP: 10/10
  3127 | D:9      | Noticed a two-headed ogre
  3135 | D:9      | Killed a two-headed ogre
  3136 | D:9      | Reached skill level 5 in Shields
  3136 | D:9      | Reached skill level 5 in Poison Magic
  3140 | D:9      | Reached skill level 7 in Stealth
  3153 | D:9      | Found a runed translucent gate.
  3154 | D:9      | Found a runed translucent gate.
  3154 | D:9      | Noticed a ten-headed hydra
  3155 | D:9      | Found a runed translucent gate.
  3156 | D:9      | Noticed bezhaha's ghost (novice DjFE)
  3251 | D:9      | Reached **** piety under Cheibriados
  3295 | D:9      | Reached skill level 1 in Spellcasting
  3334 | D:9      | Found a staircase to the Lair.
  3358 | D:9      | Reached skill level 5 in Short Blades
  3402 | D:9      | Identified a scroll of acquirement
  3402 | D:9      | Acquired the Vellum of Pestilent Concussion
  3410 | D:9      | Learned a level 5 spell: Freezing Cloud
  3413 | D:9      | Learned a level 2 spell: Searing Ray
  3430 | D:9      | Acquired the +1 hat of the Cooper {rF+}
  3514 | D:10     | Entered Level 10 of the Dungeon
  3546 | D:10     | Noticed a two-headed ogre
  3548 | D:10     | Reached skill level 8 in Stealth
  3556 | D:10     | HP: 1/63 [yak (7)]
  3943 | D:9      | Found a radiant altar of Vehumet.
  4004 | D:10     | Killed a two-headed ogre
  4005 | D:10     | Reached skill level 1 in Ice Magic
  4005 | D:10     | Reached XP level 11. HP: 35/69 MP: 14/14
  4055 | D:10     | Found a staircase to the Orcish Mines.
  4159 | D:10     | Reached ***** piety under Cheibriados
  4204 | D:11     | Noticed a two-headed ogre
  4208 | D:11     | Killed a two-headed ogre
  4245 | D:11     | Found a transporter.
  4245 | D:11     | Noticed bimpf's ghost (journeyman MiBe)
  4246 | D:11     | Noticed a death knight
  4287 | D:11     | Reached skill level 5 in Air Magic
  4290 | D:11     | Noticed a two-headed ogre
  4291 | D:11     | Reached skill level 5 in Conjurations
  4296 | D:11     | Reached skill level 9 in Stealth
  4302 | D:11     | Killed a two-headed ogre
  4366 | D:11     | Noticed Snorg
  4375 | D:11     | Killed Snorg
  4622 | D:12     | Noticed a cyclops
  4629 | D:12     | Killed a cyclops
  4709 | D:11     | Noticed a cyclops
  4720 | D:11     | Killed a cyclops
  4721 | D:11     | Reached XP level 12. HP: 54/74 MP: 17/17
  4909 | D:12     | Noticed a boulder beetle
  4922 | D:12     | Killed a boulder beetle
  5191 | D:13     | Noticed a five-headed hydra
  5197 | D:13     | Killed a five-headed hydra
  5198 | D:13     | Reached skill level 10 in Stealth
  5225 | D:13     | Learned a level 6 spell: Statue Form
  5258 | D:13     | Noticed a catoblepas
  5279 | D:13     | Slain by a catoblepas

Illustrated notes

Levels and vault maps discovered:
D:1:      minmay_arrival_shoal_huts, layout_basic,
          dreamdust_ecumenical_altar_grove
D:2:      layout_basic, minmay_quantized
D:3:      layout_loops_ring, elyvilon_altar_3, mainiacjoe_overflow_tiny_flanked,
          nicolae_overflow_crystal_walls, nicolae_sif_muna_condensation
D:4:      old_forge, layout_basic, overflow_temple_1_default,
          trog_hazing_becter, minmay_increasing_density, uniq_pikel,
          uniq_duvessa
D:5:      layout_cave_pods, minmay_temple_entry_glassed_door, serial_shops,
          shop, uniq_grinder
D:6:      minmay_diamond_boxcup, layout_basic, uniq_eustachio
D:7:      layout_basic, minivault_23
D:8:      layout_rooms, nicolae_ossuary_entry_ruins
D:9:      layout_gridville, lemuel_coloured_pillars_altar,
          minmay_lair_entry_grove, gammafunk_ghost_hydra_chop,
          hangedman_glass_teeth
D:10:     layout_big_octagon, grunt_dithmenos_smoke_and_mirrors, serial_shops,
          shop
D:11:     layout_basic, gammafunk_ghost_arena, uniq_snorg
D:12:     layout_loops_ring
D:13:     layout_basic, david_vaults_1, enter_trove_6, amcnicky_mini_pool_medium

Skill      XL: |  1  2  3  4  5  6  7  8  9 10 11 12 |
---------------+-------------------------------------+-----
Unarmed Combat | 1 2 3 5 |  5.6
Stealth        | 2 3 4 6 8 9 10 | 10.0
Dodging        | 3 4 5 6 7 |  7.9
Poison Magic   | 1 2 3 4 5 |  5.2
Fighting       | 2 3 4 |  4.0
Evocations     | 4 |  4.7
Shields        | 1 3 4 6 |  6.5
Short Blades   | 1 2 4 5 |  5.2
Conjurations   | 2 4 5 6 |  6.7
Air Magic      | 2 4 5 6 |  6.6
Spellcasting   | 2 3 4 |  4.4
Ice Magic      | 1 3 4 |  4.8
Transmutations | |  0.4
Earth Magic    | |  0.4

Action                   |  1- 3 |  4- 6 |  7- 9 | 10-12 || total
-------------------------+-------+-------+-------+-------++-------
Melee: Unarmed           |    61 |    42 |    16 |       ||   119
       Constrict         |    18 |    10 |    40 |    21 ||    89
       Tentacles         |    17 |    14 |    46 |    53 ||   130
       Club              |     2 |       |       |       ||     2
       Punch             |     1 |       |     7 |    11 ||    19
       Rapier            |       |       |   150 |   189 ||   339
Throw: Dart              |       |       |       |     1 ||     1
 Cast: Mephitic Cloud    |       |       |       |    25 ||    25
       Poisonous Vapours |       |       |       |    22 ||    22
       Freezing Cloud    |       |       |       |     2 ||     2
       Searing Ray       |       |       |       |     1 ||     1
Evoke: Wand              |     2 |    11 |    15 |     7 ||    35
  Use: Scroll            |       |     8 |     8 |     5 ||    21
       Potion            |       |       |     2 |     2 ||     4
 Stab: Sleeping          |     8 |     3 |     7 |    19 ||    37
       Distracted        |       |       |     1 |       ||     1
       Confused          |       |       |       |    18 ||    18
       Petrifying        |       |       |       |     1 ||     1
Armor: Skin              |     3 |     1 |    18 |     8 ||    30
Dodge: Dodged            |    36 |    26 |   133 |   151 ||   346
Block: Buckler           |       |     8 |    67 |    80 ||   155

Table legend: (Time is in decaauts)
 A = Elapsed time spent in this place.
 B = Non-inter-level travel time spent in this place.
 C = Inter-level travel time spent in this place.
 D = Time resting spent in this place.
 E = Time spent auto-exploring this place.
 F = Levels seen in this place.
 G = Mean time per level.
                   A        B        C        D        E       F      G
               +--------+--------+--------+--------+--------+-----+--------+
         Total |   7546 |   6708 |    838 |    259 |    831 |  14 |  539.0 |
       Dungeon |   7428 |   6590 |    838 |    259 |    831 |  13 |  571.4 |
       Ossuary |    118 |    118 |      0 |      0 |      0 |   1 |  118.0 |
               +--------+--------+--------+--------+--------+-----+--------+

Top non-repeatable levels by time:
     D:9: 1203 daAuts
    D:11: 1069 daAuts
     D:3: 683 daAuts
     D:5: 681 daAuts
     D:4: 650 daAuts
     D:8: 613 daAuts
    D:12: 598 daAuts
     D:2: 405 daAuts
    D:10: 398 daAuts
     D:7: 351 daAuts
     D:6: 268 daAuts
     D:1: 259 daAuts
    D:13: 244 daAuts
 Ossuary: 118 daAuts
